Match 41025747
Unlisted

Match 41025747
End
Selects Italian Coastal Battlegroup
Selects Coastal Reserves
Coastal Reserve
Construct Infanterie Kompanie
GrW 34 Mortar Team
GrW 34 Mortar Team
Coastal Reserve
Construct Luftwaffe Kompanie
Selects Support Bunkers
Jäger Squad
Jäger Squad
MG 42 Bunker
Jäger Squad
Medical Station
Selects Rapid Fortifications
Rapid Fortifications
Anti-tank Bunker
Jäger Squad
MG 42 Machine Gun Team
Selects Bulwark
Rapid Fortifications
Coastal Reserve
Anti-tank Bunker
Jäger Squad
Rapid Fortifications
Anti-tank Bunker
Flak 30 Anti-aircraft Gun Team
Rapid Fortifications
Selects Artillery Officer
Selects Obice da 210/22 Artillery Emplacement
Rapid Fortifications
Anti-tank Bunker
midmaster543210
Chick
MrZiehr
Sra či
PlammX
Some_Devil
Dickson
KT6790
0
0

Comments sign in to comment!

No comments posted yet!